 Dungeon Sprint DCSS version 0.26-a0-642-g67e99244d3 (webtiles) character file.

Game seed: 14412531110276259614

168698 Conn the Ruinous (level 16, -1/261 HPs)
             Began as an Octopode Hedge Wizard on Sept 20, 2020.
             Was the Champion of Sif Muna.
             Slain by Mennas
             ... wielding a +0 eudemon blade of holy wrath
              (15 damage)
             ... in the Dungeon (Sprint III: "The Ten Rune Challenge") on Sept 21, 2020.
             The game lasted 02:58:01 (17833 turns).

Conn the Ruinous (Octopode Hedge Wizard)           Turns: 17833, Time: 02:58:01

Health: -1/261     AC: 28    Str: 11    XL:     16   Next: 91%
Magic:  51/51      EV:  2    Int: 35    God:    Sif Muna [******]
Gold:   349        SH:  5    Dex: 15    Spells: 8/60 levels left

rFire    + . .     SeeInvis +   a - +3 rapier of the Pyrrhic Victory {holy, rF- Int+9 Dex+2}
rCold    + . .     Faith    .   (no shield)
rNeg     + + +     Spirit   .   (helmet currently unavailable)
rPois    +         Reflect  +   o - amulet of reflection
rElec    +         Harm     .   r - ring of protection from fire
rCorr    .         Rampage  .   s - ring "Guup" {rElec MR+ Str+2}
MR       +++..     NoTele   +   V - ring of magical power
Stlth    ..........             W - ring of wizardry
HPRegen  0.53/turn              y - ring of protection from cold
MPRegen  0.32/turn              P - +4 ring of evasion
                                i - ring of protection from fire
                                N - ring "Sipac" {+Fly rPois MR+ Int+4 SInv}

@: berserking (expiring), tree-form, glowing, studying Crossbows, silenced, very
quick
A: almost no armour, stealthy swim, (amphibious), 8 rings, (constrict 8)
}: 3/10 runes: decaying, serpentine, silver
a: Renounce Religion


You were in the Dungeon.
You worshipped Sif Muna.
Sif Muna was exalted by your worship.
You were a tree.
You visited 1 branch You collected 3522 gold pieces.
You spent 3173 gold pieces at shops.

Inventory:

Hand Weapons
 a - the +3 rapier of the Pyrrhic Victory (weapon) {holy, rF- Int+9 Dex+2}
   (You found it in the Dungeon)

   It has been blessed by the Shining One to cause great damage to the undead
   and demons.
   It affects your intelligence (+9).
   It affects your dexterity (+2).
   It makes you vulnerable to fire.
 f - the cursed +3 shortbow of Skirmishing {flame, rF- Int+4 SInv}
   (You found it in the Dungeon)

   It causes projectiles fired from it to burn those they strike, causing extra
   injury to most foes and up to half again as much damage against particularly
   susceptible opponents.
   It affects your intelligence (+4).
   It makes you vulnerable to fire.
   It lets you see invisible.
   It has a curse placed upon it.
 E - a +1 vorpal great sword
 J - a +0 dagger of flaming
 L - a +2 great sword of freezing
Missiles
 K - 5 curare-tipped darts (quivered)
Armour
 e - a cursed +0 buckler
 g - a +1 hat of intelligence
 C - a +2 kite shield of protection
 M - a +1 tower shield of reflection
 R - a +1 kite shield of protection
 S - the +1 hat of Free Will (melded) {rC+ Int+4 Dex+2}
   (You found it in the Dungeon)

   It affects your intelligence (+4).
   It affects your dexterity (+2).
   It protects you from cold.
Magical Staves
 b - an uncursed staff of conjuration
 p - an uncursed staff of fire
 t - an uncursed staff of cold
 v - an uncursed staff of earth
 w - an uncursed staff of air
Jewellery
 i - a ring of protection from fire (on tentacle)
 n - a +6 ring of strength
 o - an amulet of reflection (around neck)
 r - a ring of protection from fire (left branch)
 s - the ring "Guup" (right branch) {rElec MR+ Str+2}
   (You found it in the Dungeon)

   [ring of protection from magic]

   It affects your strength (+2).
   It insulates you from electricity.
   It affects your resistance to hostile enchantments.
 x - a +4 ring of slaying
 y - a ring of protection from cold (on tentacle)
 N - the ring "Sipac" (on tentacle) {+Fly rPois MR+ Int+4 SInv}
   (You acquired it in the Dungeon)

   [ring of protection from magic]

   It affects your intelligence (+4).
   It protects you from poison.
   It affects your resistance to hostile enchantments.
   It lets you see invisible.
   It lets you fly.
 O - an uncursed ring of flight
 P - a +4 ring of evasion (on tentacle)
 Q - a cursed amulet of regeneration
 V - a ring of magical power (on tentacle)
 W - a ring of wizardry (on tentacle)
Wands
 q - a wand of iceblast (22)
 D - a wand of paralysis (6)
 H - a wand of disintegration (22)
Scrolls
 c - a scroll of holy word
 h - a scroll of remove curse
 G - a scroll of identify
Potions
 d - 3 potions of curing
 j - 4 potions of flight
 m - 5 potions of mutation
 A - a potion of brilliance {unknown}
 B - a potion of invisibility {unknown}
 F - a potion of degeneration {unknown}
Books
 T - a manual of Crossbows
Miscellaneous
 k - a lightning rod (4/4)
 u - a box of beasts (3/3)
 U - a condenser vane (2/2)


   Skills:
 - Level 12.5 Fighting
 - Level 5.5(6.4) Short Blades
 + Level 4.9(6.1) Long Blades
 - Level 1.5 Staves
 + Level 7.7 Dodging
 - Level 9.8 Stealth
 * Level 9.7 Shields
 + Level 22.8 Spellcasting
 + Level 23.5 Conjurations
 + Level 5.8 Summonings
 + Level 13.9 Translocations
 - Level 5.2 Transmutations
 * Level 19.5 Fire Magic
   Level 5.1 Ice Magic
 - Level 5.4 Air Magic
 - Level 10.0 Earth Magic
 - Level 6.7 Poison Magic
 - Level 10.8 Invocations
 + Level 5.2 Evocations


You had 8 spell levels left.
You knew the following spells:

 Your Spells              Type           Power        Failure   Level
a - Magic Dart            Conj           ####         0%          1
b - Blink                 Tloc           N/A          0%          2
c - Ignition              Fire           ########..   1%          8
e - Mephitic Cloud        Conj/Pois/Air  #######.     0%          3
f - Petrify               Tmut/Erth      #######.     1%          4
g - Apportation           Tloc           ######       0%          1
h - Lee's Rapid Deconstr  Erth           #######...   1%          5
i - Spellforged Servitor  Conj/Summ      #######...   1%          7
j - Fireball              Conj/Fire      ########..   0%          5
k - Searing Ray           Conj           ######       0%          2
l - Ignite Poison         Fire/Tmut/Pois #######.     1%          3
m - Orb of Destruction    Conj           ########..   1%          7
n - Iskenderun's Mystic   Conj/Tloc      ########     0%          4

Your spell library contained the following spells:

 Spells                   Type           Power        Failure   Level
 Foxfire                  Conj/Fire      ####         0%          1
 Sandblast                Erth           ######       0%          1
 Shock                    Conj/Air       ####         0%          1
 Conjure Flame            Conj/Fire      ########     0%          3
 Dazzling Flash           Conj/Hex       ######       0%          3
 Gell's Gravitas          Tloc           #######...   0%          3
 Lesser Beckoning         Tloc           #######...   0%          3
 Static Discharge         Conj/Air       #######.     0%          3
 Stone Arrow              Conj/Erth      ######       0%          3
 Teleport Other           Tloc           #######.     0%          3
 Hailstorm                Conj/Ice       #######.     0%          4
 Passage of Golubria      Tloc           N/A          0%          4
 Sticky Flame             Conj/Fire      ########     0%          4
 Bolt of Magma            Conj/Fire/Erth ########..   0%          5
 Iskenderun's Battlesphe  Conj           ########     0%          5
 Starburst                Conj/Fire      ########..   0%          6
 Animate Skeleton         Necr           #####.       1%          1
 Beastly Appendage        Tmut           ######       1%          1
 Corona                   Hex            #####..      1%          1
 Freeze                   Ice            ####         1%          1
 Pain                     Necr           ####         1%          1
 Sting                    Tmut/Pois      ####         1%          1
 Summon Small Mammal      Summ           ####         1%          1
 Call Imp                 Summ           ######..     1%          2
 Corpse Rot               Necr/Air       N/A          1%          2
 Ensorcelled Hibernation  Hex/Ice        ######       1%          2
 Passwall                 Tmut/Erth      #######.     1%          2
 Poisonous Vapours        Pois/Air       ######       1%          2
 Slow                     Hex            #####...     1%          2
 Sublimation of Blood     Necr           #####.....   1%          2
 Swiftness                Air            ######..     1%          2
 Wereblood                Tmut           ######..     1%          2
 Call Canine Familiar     Summ           ######..     1%          3
 Confusing Touch          Hex            #####...     1%          3
 Frozen Ramparts          Ice            ######       1%          3
 Inner Flame              Hex/Fire       #######.     1%          3
 Ozocubu's Armour         Ice            ######..     1%          3
 Portal Projectile        Hex/Tloc       ######       1%          3
 Spider Form              Tmut/Pois      ######....   1%          3
 Summon Guardian Golem    Hex/Summ       ######..     1%          3
 Tukima's Dance           Hex            #####...     1%          3
 Vampiric Draining        Necr           #####.....   1%          3
 Airstrike                Air            ######....   1%          4
 Fulminant Prism          Conj/Hex       #######...   1%          4
 Ice Form                 Ice/Tmut       ######..     1%          4
 Leda's Liquefaction      Hex/Erth       ######....   1%          4
 Olgreb's Toxic Radiance  Pois           ######..     1%          4
 Summon Ice Beast         Ice/Summ       ######..     1%          4
 Summon Lightning Spire   Summ/Air       ######..     1%          4
 Alistair's Intoxication  Tmut/Pois      ######...    1%          5
 Blade Hands              Tmut           ######....   1%          5
 Borgnjor's Vile Clutch   Necr/Erth      ######....   1%          5
 Irradiate                Conj/Tmut      #######...   1%          5
 Lightning Bolt           Conj/Air       #######...   1%          5
 Summon Demon             Summ           ######....   1%          5
 Summon Forest            Summ/Tloc      #######...   1%          5
 Conjure Ball Lightning   Conj/Air       #######...   1%          6
 Dispersal                Tloc           #######...   1%          6
 Freezing Cloud           Conj/Ice/Air   #######...   1%          6
 Iron Shot                Conj/Erth      ########..   1%          6
 Statue Form              Tmut/Erth      #######..    1%          6
 Lehudib's Crystal Spear  Conj/Erth      ########..   1%          8
 Animate Dead             Necr           #####.....   2%          4
 Cause Fear               Hex            #####.....   2%          4
 Dispel Undead            Necr           #####...     2%          4
 Metabolic Englaciation   Hex/Ice        ######....   2%          5
 Silence                  Hex/Air        ######....   2%          5
 Summon Mana Viper        Hex/Summ       ######..     2%          5
 Yara's Violent Unravell  Hex/Tmut       ######....   2%          5
 Eringya's Noxious Bog    Tmut/Pois      ######....   3%          6
 Shadow Creatures         Summ           N/A          3%          6
 Hydra Form               Tmut           ######....   4%          6
 Ozocubu's Refrigeration  Ice            ######....   4%          6
 Malign Gateway           Summ/Tloc      #######...   4%          7
 Chain Lightning          Conj/Air       #######...   4%          8
 Disjunction              Tloc           #######...   6%          8
 Agony                    Necr           #####...     8%          5
 Excruciating Wounds      Necr           #####.....   8%          5
 Simulacrum               Ice/Necr       ######....   14%         6
 Monstrous Menagerie      Summ           ######....   21%         7
 Summon Greater Demon     Summ           ######....   21%         7
 Summon Hydra             Summ           ######....   21%         7
 Dragon Form              Tmut           ######....   26%         7
 Death Channel            Necr           #####.....   38%         6
 Invisibility             Hex            #####...     38%         6
 Haunt                    Necr/Summ      ######....   52%         7
 Summon Horrible Things   Summ           ######....   80%         8
 Necromutation            Tmut/Necr      ######....   99%         8
 Borgnjor's Revivificati  Necr           #####.....   100%        8
 Discord                  Hex            #####.....   100%        8
 Infestation              Necr           #####.....   100%        8
 Fire Storm               Conj/Fire      ########..   4%          9
 Shatter                  Erth           #######...   98%         9
 Absolute Zero            Ice            ######....   100%        9
 Death's Door             Necr           #####.....   100%        9
 Dragon's Call            Summ           ######....   100%        9
 Tornado                  Air            ######....   100%        9


Dungeon Overview and Level Annotations

Branches:
Dungeon (1/1)

Altars:
Cheibriados
Dithmenos
Elyvilon
Fedhas
Gozag
Hepliaklqana
Kikubaaqudgha
Makhleb
Nemelex Xobeh
Okawaru
Qazlal
Ru
Sif Muna
Trog
Uskayaw
Vehumet
Wu Jian
Xom
Yredelemnul
Zin
The Shining One
Beogh
Jiyva
Lugonu

Shops:
D !(=*!:[}[!![[=(}=!:(?*[

Annotations:
D exclusion: statue, Mennas


Innate Abilities, Weirdness & Mutations

You cannot wear most types of armour.
You are very stealthy in the water. (Stealth+)
((You are amphibious.))
You can wear up to eight rings at the same time.
((You can use your tentacles to constrict eight enemies at once.))
((Your skin changes colour to match your surroundings (Stealth+).))
((Your rubbery body absorbs attacks. (AC +1, EV +1)))


Message History

Mennas blocks your attack. You block Mennas's attack.
Mennas hits you but does no damage.
You puncture Mennas!
Mennas is lightly wounded.
Mennas hits you with a +0 eudemon blade of holy wrath!
* * * LOW HITPOINT WARNING * * *
Mennas hits you with a +0 eudemon blade of holy wrath.
* * * LOW HITPOINT WARNING * * *
Mennas blocks your attack.
Mennas is lightly wounded.
You completely miss Mennas.
Mennas is lightly wounded.
Mennas hits you but does no damage.
Mennas hits you with a +0 eudemon blade of holy wrath!
* * * LOW HITPOINT WARNING * * *
You are too berserk!
Mennas blocks your attack.
Mennas is lightly wounded.
Mennas hits you with a +0 eudemon blade of holy wrath!
You die...

#####.#..(∩∩#.≈≈.#(^##.
##.####∩∩#.≈≈.######
###...###(.#..≈.#..'≈⌠
+.......+..'..≈≈'..#≈≈
###...###..#≈≈≈.#..#.≈
##.##∩#..#))..#..#..
#.#..#..####+######
#A#'##..#.#.#.#.#.#
#.♣..'..'#.#.#.#.#.
#.####..#.#.#.#.#.# +.#
#######▓▓▓▓▓▓▓ ###


You could see Mennas (silencing).

Vanquished Creatures
  Mara (D)
  Boris (D)
  Frederick (D)
  Nikola (D)
  A golden dragon (D)
  Rupert (D)
  A deep elf blademaster (D)
  A lich (D)
  3 titans (D)
  Gastronok (D)
  Dowan (D)
  A storm dragon (D)
  5 shadow dragons (D)
  Roxanne (D)
  Chuck (D)
  4 azure jellies (D)
  A nagaraja (D)
  A ghost moth (shapeshifter) (D)
  A stone giant (D)
  2 deep elf demonologists (D)
  2 vampire knights (D)
  2 dire elephants (D)
  A deep elf annihilator (D)
  A deep elf death mage (D)
  A mummy priest (D)
  A deep elf high priest (D)
  A fire dragon (D)
  An ogre mage (D)
  Erolcha (D)
  3 yaktaur captains (D)
  13 vault guards (D)
  2 hydras (D)
  A naga warrior (D)
  A hydra (shapeshifter) (D)
  2 centaur warriors (D)
  4 dancing weapons (D)
  2 anacondas (D)
  4 death yaks (D)
  A titan zombie (D)
  Urug (D)
  A deep elf knight (D)
  4 skeletal warriors (D)
  3 death drakes (D)
  A golden dragon zombie (D)
  An anaconda zombie (D)
  A shadow wraith (D)
  3 spectral iron dragons (D)
  A spriggan druid (D)
  A lindwurm (D)
  A spectral hydra (D)
  2 obsidian statues (D)
  6 deep elf magi (D)
  An orc knight (D)
  4 crystal guardians (D)
  2 oklob plants (D)
  5 ugly things (D)
  A stone giant skeleton (D)
  2 elephants (D)
  An iron troll simulacrum (D)
  A guardian serpent (D)
  6 black mambas (D)
  A molten gargoyle (D)
  4 statues (D)
  A guardian serpent (shapeshifter) (D)
  Duvessa (D)
  2 cane toads (D)
  A rime drake (D)
  A komodo dragon (D)
  A yaktaur (D)
  2 tyrant leeches (D)
  4 spriggan defenders (D)
  3 wandering mushrooms (D)
  A queen bee (D)
  2 hornets (D)
  An orc high priest (D)
  8 blink frogs (D)
  10 slime creatures (D)
  A shadow (D)
  2 spriggans (D)
  5 redbacks (D)
  2 nagas (D)
  A spatial vortex (D)
  A hydra simulacrum (D)
  4 water moccasins (D)
  A porcupine (shapeshifter) (D)
  A swamp drake (D)
  5 orc warriors (D)
  A black mamba simulacrum (D)
  A necrophage (D)
  2 swamp dragon skeletons (D)
  5 two-headed ogres (D)
  A water elemental (D)
  24 killer bees (D)
  5 electric eels (D)
  A wizard (D)
  7 orc priests (D)
  2 orc wizards (D)
  Jessica (D)
  A necromancer (D)
  2 polar bear simulacra (D)
  3 humans (D)
  A kobold demonologist (D)
  A wolf (D)
  5 adders (D)
  An ooze (D)
  6 orcs (D)
  2 rats (D)
  5 bushes (D)
  5 butterflies (D)
271 creatures vanquished.

Vanquished Creatures (collateral kills)
  3 vault guards (D)
  8 killer bees (D)
  A jelly (D)
  A butterfly (D)
13 creatures vanquished.

Vanquished Creatures (others)
  A hydra (D)
  A hornet (D)
  3 ball lightnings (D)
  5 ballistomycete spores (D)
  30 plants (D)
40 creatures vanquished.

Grand Total: 324 creatures vanquished

Notes
Turn   | Place    | Note
-------+----------+-------------------------------------------
     0 | D        | Conn the Octopode Hedge Wizard began the quest for the Orb.
     0 | D        | Reached XP level 1. HP: 11/11 MP: 4/4
    54 | D        | Noticed Jessica
    58 | D        | Killed Jessica
    58 | D        | Reached skill level 5 in Spellcasting
    58 | D        | Reached XP level 2. HP: 17/17 MP: 6/8
    58 | D        | Reached XP level 3. HP: 21/21 MP: 6/9
    71 | D        | Reached skill level 5 in Stealth
    75 | D        | Reached skill level 1 in Short Blades
    75 | D        | Reached XP level 4. HP: 7/27 MP: 8/12
   340 | D        | Noticed a water elemental
   345 | D        | Learned a level 2 spell: Blink
   348 | D        | Learned a level 2 spell: Call Imp
   352 | D        | Learned a level 3 spell: Conjure Flame
   356 | D        | Learned a level 3 spell: Mephitic Cloud
   365 | D        | Killed a water elemental
   365 | D        | Reached skill level 2 in Conjurations
   365 | D        | Reached skill level 1 in Fire Magic
   365 | D        | Reached skill level 1 in Air Magic
   365 | D        | Reached XP level 5. HP: 32/32 MP: 5/14
   431 | D        | Found a radiant altar of Vehumet.
   431 | D        | Found a shimmering blue altar of Sif Muna.
   431 | D        | Found an ancient bone altar of Kikubaaqudgha.
   446 | D        | Became a worshipper of Sif Muna the Loreminder
   604 | D        | Found a hide-covered altar of Uskayaw.
   604 | D        | Found a roughly hewn altar of Beogh.
   604 | D        | Found an iron altar of Okawaru.
   604 | D        | Found a bloodstained altar of Trog.
   604 | D        | Found an ornate altar of the Wu Jian Council.
   604 | D        | Noticed a human
   606 | D        | Noticed a human
   615 | D        | Killed a human
   615 | D        | Reached skill level 3 in Conjurations
   615 | D        | Reached XP level 6. HP: 16/39 MP: 3/16
   841 | D        | Killed a human
   841 | D        | Reached skill level 4 in Conjurations
   957 | D        | Learned a level 4 spell: Petrify
   961 | D        | Found a basalt altar of Yredelemnul.
   961 | D        | Found a shadowy altar of Dithmenos.
   961 | D        | Found a sacrificial altar of Ru.
   961 | D        | Noticed a necrophage
   963 | D        | Reached * piety under Sif Muna
   964 | D        | Killed a necrophage
   964 | D        | Reached skill level 1 in Transmutations
   964 | D        | Reached skill level 1 in Earth Magic
   964 | D        | Reached XP level 7. HP: 47/47 MP: 17/19
   979 | D        | Found a glowing silver altar of Zin.
   979 | D        | Found a glowing golden altar of the Shining One.
   979 | D        | Found a white marble altar of Elyvilon.
   979 | D        | Noticed a deep elf mage
   988 | D        | Killed a deep elf mage
   988 | D        | Reached skill level 10 in Spellcasting
   988 | D        | Reached skill level 5 in Conjurations
   988 | D        | Reached XP level 8. HP: 49/54 MP: 14/22
  1029 | D        | Noticed a shadow
  1031 | D        | Killed a shadow
  1031 | D        | Reached ** piety under Sif Muna
  1040 | D        | Reached skill level 5 in Fighting
  1048 | D        | Found a blossoming altar of Fedhas.
  1048 | D        | Found a stormy altar of Qazlal.
  1049 | D        | Found a snail-covered altar of Cheibriados.
  1049 | D        | Found a burning altar of Makhleb.
  1049 | D        | Found a hazy altar of Hepliaklqana.
  1049 | D        | Found a shimmering altar of Xom.
  1049 | D        | Found an opulent altar of Gozag.
  1049 | D        | Found a sparkling altar of Nemelex Xobeh.
  1049 | D        | Found a corrupted altar of Lugonu.
  1049 | D        | Found a viscous altar of Jiyva.
  1150 | D        | Reached *** piety under Sif Muna
  1282 | D        | Noticed a two-headed ogre
  1304 | D        | Killed a two-headed ogre
  1304 | D        | Reached skill level 6 in Conjurations
  1330 | D        | Noticed an orc knight
  1339 | D        | Reached **** piety under Sif Muna
  1344 | D        | Reached XP level 9. HP: 48/62 MP: 3/24
  1345 | D        | Killed an orc knight
  1345 | D        | Reached skill level 1 in Evocations
  1345 | D        | Reached ***** piety under Sif Muna
  1345 | D        | Identified Sif Muna's Tome of Icy Creation (Sif Muna gifted
                  | it to you in the Dungeon)
  1345 | D        | Received a gift from Sif Muna
  1347 | D        | Reached skill level 5 in Transmutations
  1348 | D        | Reached skill level 5 in Earth Magic
  1348 | D        | Reached skill level 5 in Poison Magic
  1356 | D        | Identified Sif Muna's Almanac of the Ghastly Rocks (Sif
                  | Muna gifted it to you in the Dungeon)
  1356 | D        | Received a gift from Sif Muna
  1488 | D        | Learned a level 4 spell: Hailstorm
  1610 | D        | Found Woecw's General Store.
  1641 | D        | Bought an uncursed amulet of reflection for 390 gold pieces
  1685 | D        | Noticed a two-headed ogre
  1685 | D        | Noticed Erolcha
  1695 | D        | Killed Erolcha
  1695 | D        | Reached skill level 7 in Conjurations
  1695 | D        | Reached skill level 5 in Summonings
  1708 | D        | Killed a two-headed ogre
  1708 | D        | Reached XP level 10. HP: 37/71 MP: 15/26
  1909 | D        | Noticed a deep elf mage
  1909 | D        | Noticed a deep elf mage
  1909 | D        | Noticed a deep elf mage
  1909 | D        | Noticed a deep elf knight
  1909 | D        | Noticed a deep elf mage
  1923 | D        | Learned a level 5 spell: Lee's Rapid Deconstruction
  1933 | D        | Killed a deep elf mage
  1940 | D        | Killed a deep elf mage
  1940 | D        | Killed a deep elf mage
  1940 | D        | Reached skill level 8 in Conjurations
  1971 | D        | Killed a deep elf knight
  2296 | D        | Killed a deep elf mage
  2296 | D        | Identified Sif Muna's Catalogue of Black Arts (Sif Muna
                  | gifted it to you in the Dungeon)
  2296 | D        | Received a gift from Sif Muna
  2314 | D        | Learned a level 6 spell: Iron Shot
  2339 | D        | Noticed a deep elf mage
  2340 | D        | Noticed a deep elf high priest
  2341 | D        | Noticed a deep elf annihilator
  2350 | D        | Noticed a deep elf demonologist
  2352 | D        | Killed a deep elf annihilator
  2352 | D        | Noticed a deep elf demonologist
  2352 | D        | Noticed a deep elf death mage
  2490 | D        | Killed a deep elf high priest
  2490 | D        | Reached skill level 9 in Conjurations
  2490 | D        | Reached XP level 11. HP: 80/80 MP: 23/29
  2491 | D        | Noticed a deep elf blademaster
  2503 | D        | Noticed a soul eater
  2670 | D        | Killed a deep elf mage
  2678 | D        | Noticed an Ice Fiend
  2732 | D        | Killed a deep elf demonologist
  2732 | D        | Reached skill level 15 in Spellcasting
  2733 | D        | Noticed a Hell Sentinel
  2734 | D        | Killed a deep elf demonologist
  2734 | D        | Reached skill level 5 in Air Magic
  3058 | D        | Killed a deep elf death mage
  3304 | D        | Killed a deep elf blademaster
  3304 | D        | Reached skill level 10 in Fighting
  3304 | D        | Reached skill level 10 in Conjurations
  3323 | D        | Identified Sif Muna's Incunabulum of Conjuration
  3326 | D        | Got an ancient bone ring
  3328 | D        | Identified the ring "Guup" {rElec MR+ Str+2} (You found it
                  | in the Dungeon)
  3329 | D        | Identified the Compendium of Attacks and Transmutation
  3341 | D        | Identified Loadd's Guide on Cold
  3436 | D        | Learned a level 5 spell: Fireball
  3439 | D        | Learned a level 2 spell: Searing Ray
  3443 | D        | Learned a level 3 spell: Ignite Poison
  3445 | D        | Received a gift from Sif Muna
  3445 | D        | Reached skill level 10 in Earth Magic
  3511 | D        | Identified Sif Muna's Grimoire of Damage Dealing and the
                  | Birds (Sif Muna gifted it to you in the Dungeon)
  3511 | D        | Received a gift from Sif Muna
  3511 | D        | Reached XP level 12. HP: 82/88 MP: 15/32
  3514 | D        | Reached ****** piety under Sif Muna
  3527 | D        | Received a gift from Sif Muna
  3675 | D        | Received a gift from Sif Muna
  3984 | D        | Received a gift from Sif Muna
  3984 | D        | Reached skill level 5 in Dodging
  3984 | D        | Reached skill level 11 in Conjurations
  4278 | D        | Noticed a dire elephant
  4278 | D        | Noticed a dire elephant
  4284 | D        | Received a gift from Sif Muna
  4284 | D        | Reached skill level 5 in Fire Magic
  4286 | D        | Noticed Gastronok
  4287 | D        | Killed a dire elephant
  4287 | D        | Reached skill level 1 in Staves
  4287 | D        | Reached skill level 12 in Conjurations
  4304 | D        | Killed a dire elephant
  4535 | D        | Killed Gastronok
  4641 | D        | Noticed an azure jelly
  4642 | D        | Noticed an azure jelly
  4642 | D        | Noticed an azure jelly
  4644 | D        | Noticed an azure jelly
  4658 | D        | Learned a level 4 spell: Fulminant Prism
  4683 | D        | Killed an azure jelly
  4683 | D        | Reached skill level 13 in Conjurations
  4684 | D        | Killed an azure jelly
  4684 | D        | Reached XP level 13. HP: 30/95 MP: 11/34
  4684 | D        | Noticed Rupert
  4688 | D        | Killed Rupert
  4688 | D        | Reached skill level 5 in Invocations
  4961 | D        | Killed an azure jelly
  4961 | D        | Reached skill level 14 in Conjurations
  4962 | D        | Killed an azure jelly
  4962 | D        | Identified Sif Muna's Compendium of Captivating
                  | Confrontation (Sif Muna gifted it to you in the Dungeon)
  4962 | D        | Received a gift from Sif Muna
  4962 | D        | Reached skill level 10 in Fire Magic
  5183 | D        | Identified Sif Muna's Incunabulum of Combat Magic (Sif Muna
                  | gifted it to you in the Dungeon)
  5183 | D        | Received a gift from Sif Muna
  5194 | D        | Learned a level 7 spell: Orb of Destruction
  5305 | D        | Reached skill level 15 in Conjurations
  5487 | D        | Identified Sif Muna's Tome of Lethal Clay (Sif Muna gifted
                  | it to you in the Dungeon)
  5487 | D        | Received a gift from Sif Muna
  5488 | D        | Reached skill level 5 in Evocations
  5841 | D        | Received a gift from Sif Muna
  6150 | D        | Noticed a nagaraja
  6168 | D        | Killed a nagaraja
  6540 | D        | Found Nangud's Distillery.
  6540 | D        | Found Mostenwu's Antique Weapon Emporium.
  6544 | D        | Found Anast's Jewellery Shop.
  6562 | D        | Got a serpentine rune of Zot
  6659 | D        | Bought a +6 ring of strength for 702 gold pieces
  6659 | D        | Bought a +4 ring of slaying for 936 gold pieces
  6669 | D        | Bought an uncursed ring of protection from cold for 300
                  | gold pieces
  6669 | D        | Bought an uncursed ring of poison resistance for 240 gold
                  | pieces
  6806 | D        | Received a gift from Sif Muna
  7185 | D        | Reached skill level 1 in Shields
  7185 | D        | Reached XP level 14. HP: 101/101 MP: 36/36
  7190 | D        | Reached skill level 16 in Conjurations
  7197 | D        | Noticed Urug
  7205 | D        | Killed Urug
  7247 | D        | Identified Sif Muna's Collected Works on the Entourage (Sif
                  | Muna gifted it to you in the Dungeon)
  7247 | D        | Received a gift from Sif Muna
  7806 | D        | Found a blossoming altar of Fedhas.
  7886 | D        | Received a gift from Sif Muna
  7963 | D        | Learned a level 4 spell: Iskenderun's Mystic Blast
  8208 | D        | Upgraded the game from 0.26-a0-639-g72c4674329 to
                  | 0.26-a0-642-g67e99244d3
  8584 | D        | Found Debor's Distillery.
  8584 | D        | Found Fofoamm's Book Shop.
  8587 | D        | Found Mahikupo's Antique Armour Shoppe.
  8590 | D        | Reached skill level 1 in Long Blades
  8590 | D        | Reached skill level 10 in Invocations
  8661 | D        | Got a decaying rune of Zot
  8692 | D        | Bought a potion of heal wounds for 55 gold pieces
  9338 | D        | Noticed Dowan
  9338 | D        | Noticed Duvessa
  9344 | D        | Killed Duvessa
  9344 | D        | Reached skill level 17 in Conjurations
  9345 | D        | Killed Dowan
  9345 | D        | Reached skill level 5 in Translocations
  9484 | D        | Identified Hugesoh's Tome of Enthralling Weightlessness
                  | (Sif Muna gifted it to you in the Dungeon)
  9484 | D        | Received a gift from Sif Muna
 10101 | D        | Received a gift from Sif Muna
 10483 | D        | Identified Tyzeps's Compendium of Dark Arts and Ignition
                  | (Sif Muna gifted it to you in the Dungeon)
 10483 | D        | Received a gift from Sif Muna
 10483 | D        | Reached skill level 5 in Ice Magic
 10486 | D        | Reached skill level 18 in Conjurations
 10778 | D        | Got a smouldering rapier
 10779 | D        | Identified the +3 rapier of the Pyrrhic Victory {holy, rF-
                  | Int+9 Dex+2} (You found it in the Dungeon)
 10784 | D        | Learned a level 1 spell: Apportation
 10807 | D        | Learned a level 7 spell: Spellforged Servitor
 10996 | D        | Received a gift from Sif Muna
 11342 | D        | Noticed Chuck
 11522 | D        | Killed Chuck
 11676 | D        | Got a shimmering shortbow
 11732 | D        | Noticed Frederick
 11760 | D        | Killed Frederick
 11760 | D        | Reached skill level 19 in Conjurations
 11760 | D        | Reached XP level 15. HP: 79/107 MP: 3/38
 11937 | D        | Received a gift from Sif Muna
 12064 | D        | Noticed a lich
 12069 | D        | Killed a lich
 12069 | D        | Reached skill level 15 in Fire Magic
 12081 | D        | Killed a ghost moth
 12294 | D        | Noticed a shadow dragon
 12304 | D        | Noticed a shadow dragon
 12305 | D        | Killed a shadow dragon
 12319 | D        | Killed a shadow dragon
 12319 | D        | Received a gift from Sif Muna
 12319 | D        | Reached skill level 20 in Conjurations
 12319 | D        | Reached skill level 10 in Translocations
 12521 | D        | Noticed a titan
 12521 | D        | Noticed a shadow dragon
 12521 | D        | Noticed a shadow dragon
 12521 | D        | Noticed a golden dragon
 12521 | D        | Noticed a titan
 12521 | D        | Noticed a shadow dragon
 12753 | D        | Identified the cursed +3 shortbow of Skirmishing {flame,
                  | rF- Int+4 SInv} (You found it in the Dungeon)
 13044 | D        | Identified the cursed +0 ring mail "Ynwif" {Harm MR+}
 13399 | D        | Acquired the ring "Sipac" {+Fly rPois MR+ Int+4 SInv}
 13440 | D        | Received a gift from Sif Muna
 13535 | D        | Noticed a titan
 13543 | D        | Killed a titan
 13547 | D        | Killed a shadow dragon
 13613 | D        | Identified the +5 scale mail of the Armoured One {rF+ rC-
                  | Int+3}
 13711 | D        | Reached skill level 5 in Short Blades
 13866 | D        | Reached skill level 21 in Conjurations
 13871 | D        | Killed a titan
 14307 | D        | Killed a shadow dragon
 14307 | D        | Identified Sif Muna's Papyrus of Intoxication and Darkness
                  | (Sif Muna gifted it to you in the Dungeon)
 14307 | D        | Received a gift from Sif Muna
 14516 | D        | Killed a golden dragon
 14690 | D        | Killed a titan
 14690 | D        | Reached skill level 22 in Conjurations
 14978 | D        | Identified Sif Muna's Guide on Creative Flames (Sif Muna
                  | gifted it to you in the Dungeon)
 14978 | D        | Received a gift from Sif Muna
 15082 | D        | Reached XP level 16. HP: 115/115 MP: 32/40
 15098 | D        | Killed a shadow dragon
 15434 | D        | Got a silver rune of Zot
 15436 | D        | Got a spiked hat
 15447 | D        | Identified the +1 hat of Free Will {rC+ Int+4 Dex+2} (You
                  | found it in the Dungeon)
 15456 | D        | Identified the Handbook of Mutagenic Beguiling
 15586 | D        | Found Sionk's Jewellery Emporium.
 15586 | D        | Found Cana's Book Shop.
 15586 | D        | Found Piyplaeniu's Weapon Boutique.
 15586 | D        | Found Xyhigool's Antique Armour Shoppe.
 15586 | D        | Found Peeddi Feun's Gadget Boutique.
 15586 | D        | Found Kycahoij's Distillery.
 15586 | D        | Found Ogyo's Jewellery Shoppe.
 15586 | D        | Found Enesumn's Assorted Antiques.
 15586 | D        | Found Magal's Magic Scroll Emporium.
 15586 | D        | Found Vifikk's Armour Emporium.
 15586 | D        | Found Donwac's Antique Weapon Boutique.
 15624 | D        | Bought an uncursed ring of magical power for 220 gold
                  | pieces
 15624 | D        | Bought an uncursed ring of wizardry for 330 gold pieces
 15663 | D        | Learned a level 1 spell: Sting
 15673 | D        | Learned a level 8 spell: Ignition
 15690 | D        | Identified Ilozare's Reference Book on the Frostbite (Sif
                  | Muna gifted it to you in the Dungeon)
 15690 | D        | Received a gift from Sif Muna
 16200 | D        | Noticed Boris
 16202 | D        | Identified Sif Muna's Handbook of Creative Darkness (Sif
                  | Muna gifted it to you in the Dungeon)
 16202 | D        | Received a gift from Sif Muna
 16206 | D        | Killed Boris
 16206 | D        | Reached skill level 5 in Shields
 16463 | D        | Found Zexkih's Armour Emporium.
 16463 | D        | Found Bahoh's Distillery.
 16463 | D        | Found Pohaaz Ypna's Distillery.
 16463 | D        | Found Qaxezeob's Armour Shoppe.
 16467 | D        | Reached skill level 23 in Conjurations
 16784 | D        | Noticed Mara
 16805 | D        | Killed Mara
 16975 | D        | Noticed a storm dragon
 16977 | D        | Noticed Nikola
 17147 | D        | Killed a storm dragon
 17513 | D        | Killed Nikola
 17628 | D        | Found Vyiwiwk's Gadget Boutique.
 17697 | D        | Noticed Roxanne
 17703 | D        | Killed Roxanne
 17802 | D        | Noticed Mennas
 17833 | D        | Slain by Mennas

Illustrated notes

Levels and vault maps discovered:
D:        dungeon_sprint_mu [sprint_mu_entry_cave, sprint_mu_temple_rooms,
          sprint_mu_d1_spiders, sprint_mu_d2_genie, sprint_mu_d3_branching,
          sprint_mu_orc_legion, sprint_mu_elf_gauntlet, sprint_mu_hive_nellie,
          sprint_mu_lair_fedhas, sprint_mu_vaults_butterflies,
          sprint_mu_slime_circle, sprint_mu_swamp_cave, sprint_mu_snake_twists,
          sprint_mu_blade_basic, sprint_mu_crypt_lich, sprint_mu_tomb_spiral,
          sprint_mu_vestibule_basic, sprint_mu_gehenna_hellfire,
          sprint_mu_dis_giant, sprint_mu_tartarus_statrot,
          sprint_mu_cocytus_islands, sprint_mu_zot1]

Skill      XL: |  1  2  3  4  5  6  7  8  9 10 11 12 13 14 15 16 |
---------------+-------------------------------------------------+-----
Stealth        | 4 5 6 7 8 9 |  9.8
Spellcasting   | 5 6 7 9 10 11 12 14 16 17 18 19 20 22 | 22.8
Dodging        | 3 4 5 6 7 |  7.7
Short Blades   | 1 3 4 5 |  5.5
Conjurations   | 2 3 4 5 6 7 9 10 13 15 19 22 23 | 23.5
Fire Magic     | 1 2 8 12 14 17 19 | 19.5
Air Magic      | 1 2 3 4 5 |  5.4
Poison Magic   | 2 3 4 5 6 |  6.7
Fighting       | 2 3 4 5 7 9 10 11 12 | 12.5
Summonings     | 3 4 5 |  5.8
Transmutations | 1 2 4 5 |  5.2
Earth Magic    | 1 2 4 5 8 10 | 10.0
Evocations     | 2 4 5 |  5.2
Ice Magic      | 2 4 5 |  5.1
Translocations | 3 4 7 13 | 13.9
Staves         | 1 |  1.5
Invocations    | 4 8 10 | 10.8
Shields        | 1 9 |  9.7
Long Blades    | 4 |  4.9

Action                   |  1- 3 |  4- 6 |  7- 9 | 10-12 | 13-15 | 16-18 || total
-------------------------+-------+-------+-------+-------+-------+-------++-------
Melee: Dagger            |    13 |    18 |    17 |    24 |    15 |       ||    87
       Tentacles         |     3 |     4 |     5 |     3 |    23 |     6 ||    44
       Constrict         |     3 |     4 |     5 |     8 |    10 |     3 ||    33
       Staff             |       |       |       |     4 |    26 |     4 ||    34
       Great sword       |       |       |       |       |     7 |       ||     7
       Rapier            |       |       |       |       |    34 |    27 ||    61
Throw: Dart              |       |       |       |       |     1 |       ||     1
 Cast: Magic Dart        |     2 |     2 |    28 |    35 |    16 |    18 ||   101
       Blink             |       |     1 |       |     6 |    30 |     3 ||    40
       Conjure Flame     |       |     1 |       |       |       |       ||     1
       Call Imp          |       |    10 |     4 |       |       |       ||    14
       Mephitic Cloud    |       |     8 |    12 |    29 |    25 |     6 ||    80
       Petrify           |       |       |     8 |     2 |     9 |       ||    19
       Lee's Rapid Decon |       |       |       |    29 |    13 |    10 ||    52
       Searing Ray       |       |       |       |     4 |    16 |     3 ||    23
       Fireball          |       |       |       |    25 |    82 |    11 ||   118
       Ignite Poison     |       |       |       |     1 |     1 |     1 ||     3
       Iron Shot         |       |       |       |     1 |       |       ||     1
       Orb of Destructio |       |       |       |       |    60 |    47 ||   107
       Hailstorm         |       |       |       |       |     4 |       ||     4
       Iskenderun's Myst |       |       |       |       |    53 |    19 ||    72
       Spellforged Servi |       |       |       |       |     4 |     1 ||     5
       Ignition          |       |       |       |       |       |     5 ||     5
Invok: Channel Magic     |       |       |       |       |     2 |     1 ||     3
       Forget Spell      |       |       |       |       |       |     3 ||     3
Evoke: Lightning rod     |       |       |    14 |     6 |     4 |       ||    24
  Use: Potion            |     1 |       |       |     5 |     4 |     3 ||    13
       Scroll            |       |       |     3 |     3 |     7 |       ||    13
 Stab: Sleeping          |     3 |     4 |     2 |       |     5 |     1 ||    15
       Confused          |       |     1 |       |     3 |     3 |     2 ||     9
       Petrified         |       |       |     1 |     2 |    11 |       ||    14
Armor: Skin              |       |       |       |       |     1 |    13 ||    14
Dodge: Dodged            |     7 |     9 |    12 |    31 |    56 |    27 ||   142
Block: Other             |       |       |       |     5 |     6 |    13 ||    24
       Reflection        |       |       |       |       |       |     1 ||     1
       Rpst.: Great sword |       |       |       |       |     1 |       ||     1

Table legend: (Time is in decaauts) A = Elapsed time spent in this place. B = Non-inter-level travel time spent in this place. C = Inter-level travel time spent in this place. D = Time resting spent in this place. E = Time spent auto-exploring this place. F = Levels seen in this place. G = Mean time per level. A B C D E F G +--------+--------+--------+--------+--------+-----+--------+ Total | 17825 | 17825 | 0 | 12435 | 138 | 1 | 17825.0 | Dungeon | 17825 | 17825 | 0 | 12435 | 138 | 1 | 17825.0 | +--------+--------+--------+--------+--------+-----+--------+

Top non-repeatable levels by time:
       D: 17825 daAuts
